[Event "Titled Tuesday Blitz June 15 2021"]
[White "Annaberdiyev, Babageldi"]
[Black "Eswaran, Ashritha"]
[WhiteFideId "14000385"]
[BlackFideId "2080788"]
[WhiteElo "2332"]
[BlackElo "2535"]
[Result "1-0"]
[Round "04"]
[TimeControl "180+1"]
[Date "2021.06.15"]
[WhiteClock "0:01:12"]
[BlackClock "0:00:34"]

1. e4 c5 2. Nf3 d6 3. d4 cxd4 4. Nxd4 Nf6 5. Nc3 g6 6. Be3 Bg7 7. f3 Nc6 8. Qd2 O-O 9. Bc4 Bd7 10. O-O-O Ne5 11. Bb3 Rc8 12. h4 h5 13. Kb1 Nc4 14. Bxc4 Rxc4 15. g4 hxg4 16. h5 Nxh5 17. fxg4 Bxg4 18. Rdg1 Qd7 19. Rh4 e5 20. Nb3 f5 21. exf5 gxf5 22. Bh6 Rf4 23. Rxh5 Bxh5 24. Bxg7 Qxg7 25. Rxg7+ Kxg7 26. a4 Rd8 27. Qg2+ Kf7 28. Qxb7+ Ke6 29. Nd5 Rf1+ 30. Ka2 Rf2 31. c4 Rd7 32. Qc6 Rg7 33. Nc5+ Kf7 34. Qxd6 Be2 35. Qe6+ Kf8 36. Nd7+ Rxd7 37. Qxd7 Bxc4+ 38. Ka3 Rf3+ 39. Kb4 Bxd5 40. Qxd5 e4 41. Qa8+ Ke7 42. Qxa7+ Ke6 43. Qb6+ Ke5 44. Qc5+ Kf4 45. a5 e3 46. a6 Rg3 47. a7 Rg8 48. Qc4+ Kf3 49. Qxg8 e2 50. Qe8 1-0


[Site "https://www.chess.com"]

[Event "Titled Tuesday Blitz June 15 2021"]
[White "Aradhya, Garg"]
[Black "Golubev, Mikhail"]
[WhiteFideId "25006746"]
[BlackFideId "14100983"]
[WhiteElo "2146"]
[BlackElo "2374"]
[Result "1-0"]
[Round "04"]
[TimeControl "180+1"]
[Date "2021.06.15"]
[WhiteClock "0:01:02"]
[BlackClock "0:00:01"]

1. d4 Nf6 2. c4 g6 3. g3 Bg7 4. Bg2 O-O 5. Nc3 d6 6. Nf3 Nbd7 7. Bf4 c6 8. O-O Qa5 9. d5 cxd5 10. cxd5 Nb6 11. Nd4 Nc4 12. Qb3 Qc5 13. Rfd1 Bd7 14. Rac1 Na5 15. Qc2 Nh5 16. Be3 Nc4 17. Ne6 Nxe3 18. Nxc5 Nxc2 19. Nxd7 Rfd8 20. Rxc2 Rxd7 21. Nb5 a6 22. Bh3 Rdd8 23. Na3 b5 24. b3 Nf6 25. Rc7 Kf8 26. Nc2 Ne4 27. Nb4 Nf6 28. Nc6 Re8 29. f3 Bh6 30. e4 Be3+ 31. Kf1 h5 32. Ke2 Bb6 33. Rb7 Bd8 34. a4 bxa4 35. bxa4 a5 36. Rdb1 h4 37. gxh4 1-0


[Site "https://www.chess.com"]

[Event "Titled Tuesday Blitz June 15 2021"]
[White "Araujo Sanchez, Josue"]
[Black "Jones, Gawain C B"]
[WhiteFideId "6416896"]
[BlackFideId "409561"]
[WhiteElo "2669"]
[BlackElo "2868"]
[Result "0-1"]
[Round "04"]
[TimeControl "180+1"]
[Date "2021.06.15"]
[WhiteClock "0:00:19"]
[BlackClock "0:00:52"]

1. b3 e5 2. Bb2 d6 3. e3 g6 4. c4 Bg7 5. Nf3 Nf6 6. d4 exd4 7. Nxd4 O-O 8. Be2 d5 9. cxd5 Nxd5 10. Qc1 b6 11. O-O Bb7 12. Rd1 Qf6 13. Rd2 Qe7 14. Nc3 Nxe3 15. fxe3 Qxe3+ 16. Kh1 Bxd4 17. Qc2 Nc6 18. Nd5 Qe5 19. Bf3 Bxb2 20. Qxb2 Qxb2 21. Rxb2 Kg7 22. Nxc7 Rad8 23. Nb5 a6 24. Nc3 Rd3 25. Nd5 Ne5 26. Nb4 Bxf3 27. gxf3 Rxf3 28. Nxa6 Rd8 29. a4 Nd3 30. Rc2 Nf4 31. b4 Rfd3 32. Kg1 R8d5 33. a5 Rg5+ 34. Kh1 bxa5 35. bxa5 Rxa5 0-1


[Site "https://www.chess.com"]

[Event "Titled Tuesday Blitz June 15 2021"]
[White "Arias, Juan Cruz"]
[Black "Zarnicki, Pablo"]
[WhiteFideId "118540"]
[BlackFideId "100137"]
[WhiteElo "2083"]
[BlackElo "2467"]
[Result "1-0"]
[Round "04"]
[TimeControl "180+1"]
[Date "2021.06.15"]
[WhiteClock "0:00:07"]
[BlackClock "0:00:16"]

1. e4 c5 2. Nc3 e6 3. g3 d5 4. exd5 exd5 5. d3 Nc6 6. Bg2 Nf6 7. Nge2 d4 8. Ne4 Nxe4 9. dxe4 Be7 10. O-O O-O 11. Nf4 Re8 12. Nd5 Bf8 13. c4 dxc3 14. bxc3 Be6 15. Rb1 b6 16. Bf4 Rc8 17. Qc2 Bxd5 18. exd5 Ne5 19. Rfe1 Bd6 20. Re4 Rc7 21. Rbe1 Rce7 22. Bg5 f6 23. Bc1 f5 24. R4e2 h6 25. Qxf5 Nf7 26. Re6 Qd7 27. Rxe7 Rxe7 28. Qxd7 Rxd7 29. f4 Re7 30. Rxe7 Bxe7 31. Kf2 Bf6 32. c4 Nd6 33. Bf1 Ne4+ 34. Ke3 Nc3 35. a3 Kf7 36. Bd3 Ke7 37. h4 Bd4+ 38. Kf3 Kf6 39. g4 a6 40. g5+ Ke7 41. Bd2 Na4 42. Kg4 Bb2 43. Kf5 hxg5 44. fxg5 Bxa3 45. Bc2 Nb2 46. Kg6 Nxc4 47. Bc3 Ne3 48. Kxg7 Nxd5 49. Bf6+ Kd6 50. h5 Bc1 51. h6 Nxf6 52. gxf6 Ke6 53. Bb3+ Kf5 54. f7 Bb2+ 55. Kg8 c4 56. Bxc4 Ba3 57. h7 b5 58. Bb3 1-0


[Site "https://www.chess.com"]

[Event "Titled Tuesday Blitz June 15 2021"]
[White "Assaubayeva, Bibisara"]
[Black "Jobava, Baadur"]
[WhiteFideId "13708694"]
[BlackFideId "13601520"]
[WhiteElo "2232"]
[BlackElo "2748"]
[Result "1-0"]
[Round "04"]
[TimeControl "180+1"]
[Date "2021.06.15"]
[WhiteClock "0:00:04"]
[BlackClock "0:00:02"]

1. d4 d5 2. c4 c6 3. Nf3 Nf6 4. e3 Bf5 5. Nc3 e6 6. Nh4 Bg6 7. g3 Nbd7 8. Bd2 Bb4 9. Qb3 a5 10. Be2 Ne4 11. Nxe4 Bxe4 12. Bxb4 Bxh1 13. Ba3 Qb6 14. Qc3 g5 15. Nf3 Bxf3 16. Bxf3 Nf6 17. O-O-O g4 18. Bg2 h5 19. Bd6 Rh6 20. c5 Qb4 21. Qc2 O-O-O 22. Bf4 Rg6 23. Bf1 a4 24. Bd3 Ne4 25. Bxe4 dxe4 26. Qxe4 a3 27. bxa3 Qxa3+ 28. Kb1 Qb4+ 29. Ka1 Rd5 30. Qd3 Qb5 31. Qa3 Qa6 32. Qxa6 bxa6 33. Rb1 f6 34. Rb8+ Kd7 35. Rb7+ Ke8 36. Bd6 e5 37. Rb4 h4 38. Kb2 exd4 39. exd4 hxg3 40. hxg3 Rh6 41. Rb8+ Kf7 42. Kc3 Rh2 43. Rb6 Rxf2 44. Rxc6 Rdf5 45. Rxa6 Ke6 46. Bf4+ Kd5 47. Rd6+ Ke4 48. c6 Rf3+ 49. Kb4 Rf2 50. c7 Rc2 51. Rd8 Rxf4 52. c8=Q Rxc8 53. Rxc8 Rf3 54. a4 Rxg3 55. a5 Rg1 56. a6 Ra1 57. Kb5 Kxd4 58. Rc4+ Ke3 59. Rxg4 f5 60. Ra4 Rb1+ 61. Kc6 Rc1+ 62. Kb7 Rb1+ 63. Kc7 Rc1+ 64. Kd6 Rc8 65. a7 Ra8 66. Ke5 Kd3 67. Kxf5 Kc3 68. Ke5 Kb3 69. Ra1 Kb2 70. Ra6 Kb3 71. Kd6 Kb4 72. Kc7 Kb5 73. Kb7 Rh8 74. a8=Q Rh7+ 75. Kc8 Rh8+ 76. Kd7 Rh7+ 77. Ke6 Rh6+ 78. Kd5 Rxa6 79. Qb7+ Rb6 80. Qd7+ Kb4 81. Qc7 Rb5+ 82. Kd4 Ka4 83. Qc2+ Ka5 84. Kc4 Rb4+ 85. Kc5 Rb5+ 86. Kc6 Rb6+ 87. Kc7 Rb4 88. Qc3 Ka4 89. Kc6 Rb3 90. Qc4+ Ka3 91. Kc5 Kb2 92. Qe2+ Kc1 93. Qe1+ Kc2 94. Kc4 Ra3 95. Qe2+ Kc1 96. Kb4 Ra1 97. Kb3 Rb1+ 98. Kc3 Rb3+ 99. Kxb3 1-0


[Site "https://www.chess.com"]

[Event "Titled Tuesday Blitz June 15 2021"]
[White "Babiy, Olga"]
[Black "Goryachkina, Aleksandra"]
[WhiteFideId "14117258"]
[BlackFideId "4147103"]
[WhiteElo "2213"]
[BlackElo "2441"]
[Result "0-1"]
[Round "04"]
[TimeControl "180+1"]
[Date "2021.06.15"]
[WhiteClock "0:00:01"]
[BlackClock "0:00:10"]

1. d4 Nf6 2. Nf3 d5 3. Bf4 Bf5 4. e3 e6 5. Ne5 h6 6. Bd3 Bxd3 7. cxd3 Bd6 8. Nd2 O-O 9. Qf3 c5 10. dxc5 Bxc5 11. O-O Nbd7 12. a3 Rc8 13. Rac1 Nxe5 14. Bxe5 Nd7 15. Bc3 Be7 16. Qg4 Bf6 17. Bxf6 Qxf6 18. Qb4 Ne5 19. Qb3 b6 20. d4 Ng6 21. Qa4 Qe7 22. Qa6 Qd7 23. Nf3 f6 24. h3 Ne7 25. Rfd1 Rxc1 26. Rxc1 Rc8 27. Rxc8+ Nxc8 28. Kf1 Nd6 29. Nd2 Qc7 30. Ke2 Qc2 31. Ke1 Qc1+ 32. Ke2 Qxb2 33. Ke1 Qc1+ 34. Ke2 Qc7 35. f3 Qb7 36. Qa4 Kf7 37. Qb4 Qc7 38. Nb3 a5 39. Qd2 Nc4 40. Qc3 a4 41. Nc1 Qd6 42. e4 Qxa3 43. Qc2 Qb2 44. Kd3 Qxc2+ 45. Kxc2 b5 46. Nd3 Ke7 47. Nb4 Kd6 48. Kc3 Ne3 49. g4 Nc4 50. Kc2 g5 51. Kc3 Na5 52. Nd3 Nc6 53. Nb4 Nxb4 54. Kxb4 Kc6 55. e5 fxe5 56. dxe5 d4 0-1


[Site "https://www.chess.com"]

[Event "Titled Tuesday Blitz June 15 2021"]
[White "Bologan, Victor"]
[Black "Berend, Elvira"]
[WhiteFideId "13900048"]
[BlackFideId "4000510"]
[WhiteElo "2511"]
[BlackElo "2340"]
[Result "1-0"]
[Round "04"]
[TimeControl "180+1"]
[Date "2021.06.15"]
[WhiteClock "0:01:02"]
[BlackClock "0:00:20"]

1. e4 e5 2. Nf3 Nc6 3. Bc4 Bc5 4. c3 Nf6 5. d3 h6 6. Nbd2 O-O 7. h3 d5 8. exd5 Nxd5 9. Ne4 Be7 10. O-O Bf5 11. Re1 Nb6 12. Bb5 Bd6 13. Bxc6 bxc6 14. Ng3 Qf6 15. d4 exd4 16. Nxf5 Qxf5 17. Nxd4 Qd7 18. Qf3 c5 19. Nf5 Kh7 20. Bxh6 gxh6 21. Qh5 Bf4 22. Re7 Qd5 23. Rd1 Qxa2 24. g3 Nc8 25. gxf4 Rg8+ 26. Kh2 Rg6 27. Rxc7 Qe6 28. Rdd7 1-0


[Site "https://www.chess.com"]

[Event "Titled Tuesday Blitz June 15 2021"]
[White "Can, Emre"]
[Black "ADEBAYO, Adegboyega Joel"]
[WhiteFideId "6302181"]
[BlackFideId "8500282"]
[WhiteElo "2503"]
[BlackElo "2283"]
[Result "0-1"]
[Round "04"]
[TimeControl "180+1"]
[Date "2021.06.15"]
[WhiteClock "0:00:03"]
[BlackClock "0:00:15"]

1. Nf3 d5 2. c4 c6 3. d4 e6 4. Nbd2 Nf6 5. g3 Nbd7 6. Bg2 b6 7. O-O Bb7 8. Qc2 c5 9. dxc5 Bxc5 10. cxd5 Nxd5 11. a3 Rc8 12. Qa4 a6 13. e4 b5 14. Qb3 N5f6 15. e5 Ng4 16. h3 Bxf3 17. Nxf3 Ngxe5 18. Nxe5 Nxe5 19. Bf4 Ng6 20. Rad1 Qb6 21. Bc1 O-O 22. h4 Rfd8 23. h5 Ne5 24. h6 Ng4 25. Rxd8+ Rxd8 26. Qf3 Nxh6 27. Bg5 Re8 28. Bxh6 gxh6 29. Rd1 Rd8 30. b4 Rxd1+ 31. Qxd1 Bxf2+ 32. Kh2 Bd4 33. Qh5 Bg7 34. Qf3 Qd4 35. Qa8+ Bf8 36. Qxa6 Bd6 37. Qxb5 Qh4+ 38. Kg1 Qxg3 39. Qc6 Qe1+ 40. Bf1 Qe3+ 41. Kh1 Qg3 42. Qg2 Qxg2+ 43. Kxg2 f5 44. Kf3 Kf7 45. Bc4 Kf6 46. Bb3 e5 47. Bg8 e4+ 48. Ke3 Ke5 49. Bxh7 f4+ 50. Ke2 f3+ 51. Kd2 Kf4 52. Bg8 e3+ 53. Ke1 e2 54. Bc4 Ke3 0-1


[Site "https://www.chess.com"]

[Event "Titled Tuesday Blitz June 15 2021"]
[White "Cruz, Jonathan"]
[Black "Grunberg, Mihai-Lucian"]
[WhiteFideId "3802124"]
[BlackFideId "1204149"]
[WhiteElo "2381"]
[BlackElo "2364"]
[Result "0-1"]
[Round "04"]
[TimeControl "180+1"]
[Date "2021.06.15"]
[WhiteClock "0:00:09"]
[BlackClock "0:01:21"]

1. Nf3 Nf6 2. d4 g6 3. g3 Bg7 4. Bg2 O-O 5. O-O c6 6. b3 d6 7. Bb2 a5 8. c4 Bf5 9. Nbd2 Qc8 10. Re1 Bh3 11. Bh1 Na6 12. a3 Re8 13. Qc2 Qc7 14. Rac1 e5 15. c5 exd4 16. cxd6 Qxd6 17. Nxd4 Rad8 18. Nc4 Qc7 19. Bc3 Nd5 20. Bxa5 b6 21. Nxb6 Bxd4 22. Nxd5 Qxa5 23. Nf4 Bf5 24. e4 Bd7 25. Rcd1 c5 26. b4 Qxa3 27. bxc5 Ba4 28. Qc1 Qxc1 29. Rxc1 Nxc5 30. Nd5 Nd3 0-1


[Site "https://www.chess.com"]

[Event "Titled Tuesday Blitz June 15 2021"]
[White "Cunjalo, Faris"]
[Black "Madaminov, Mukhiddin"]
[WhiteFideId "14410710"]
[BlackFideId "14210703"]
[WhiteElo "2854"]
[BlackElo "2567"]
[Result "1-0"]
[Round "04"]
[TimeControl "180+1"]
[Date "2021.06.15"]
[WhiteClock "0:00:10"]
[BlackClock "0:00:03"]

1. d4 Nf6 2. c4 e6 3. Nf3 Bb4+ 4. Nbd2 b6 5. a3 Bxd2+ 6. Qxd2 Bb7 7. e3 O-O 8. Be2 d6 9. b3 Nbd7 10. Bb2 Ne4 11. Qc2 f5 12. O-O Rf6 13. d5 Rg6 14. Rfd1 e5 15. Bf1 Qf6 16. Ne1 Qg5 17. Qe2 Rh6 18. g3 Rf8 19. Bg2 Ndf6 20. Nf3 Qh5 21. h4 g5 22. Re1 Kh8 23. Nxg5 Nxg5 24. Qxh5 Rxh5 25. hxg5 Rxg5 26. Kf1 Rfg8 27. Ke2 a5 28. a4 Kg7 29. Rh1 Kf7 30. Rh4 h5 31. Rah1 Kg6 32. Bf3 Rh8 33. Ke1 Rh7 34. Be2 Ne4 35. R1h3 Nc5 36. f4 Rg4 37. Bxg4 fxg4 38. Rh2 exf4 39. exf4 Bc8 40. Kd1 Nxb3 41. Re2 Nc5 42. Bd4 Nxa4 43. Rhh2 Bf5 44. Re8 Nc5 45. Bxc5 dxc5 46. Kd2 Rf7 47. Kc3 Rh7 48. Rg8+ Kf6 49. Rf8+ Kg6 50. Rd8 Kf6 51. d6 cxd6 52. Rxd6+ Ke7 53. Rxb6 Bd7 54. Ra6 a4 55. Kb2 h4 56. gxh4 g3 57. Rg2 Rxh4 58. Rxg3 Rxf4 59. Rg7+ Kd8 60. Ra8+ Kc7 61. Ra7+ Kb6 62. Rgxd7 Rxc4 63. Rdb7+ Kc6 64. Rh7 Kb5 65. Rab7+ Ka5 66. Rb8 Ka6 67. Rh6+ Ka5 68. Rbb6 a3+ 69. Kxa3 Ra4+ 70. Kb3 c4+ 71. Kc3 Ra3+ 72. Kxc4 Ra4+ 73. Kc5 1-0


[Site "https://www.chess.com"]

[Event "Titled Tuesday Blitz June 15 2021"]
[White "David, Alexandru-Vasile"]
[Black "Karimov, Alisher"]
[WhiteFideId "1223453"]
[BlackFideId "14700280"]
[WhiteElo "2404"]
[BlackElo "2186"]
[Result "1-0"]
[Round "04"]
[TimeControl "180+1"]
[Date "2021.06.15"]
[WhiteClock "0:02:04"]
[BlackClock "0:01:46"]

1. d4 Nf6 2. c4 c5 3. d5 e6 4. Nc3 exd5 5. cxd5 d6 6. e4 g6 7. Nge2 Bg7 8. Ng3 O-O 9. Be2 h5 10. Bg5 a6 11. a4 Qa5 12. O-O Nbd7 13. Qd2 Ne5 14. f4 Ned7 15. e5 dxe5 16. f5 e4 17. d6 Ne5 18. Bxf6 Bxf6 19. Ngxe4 Bg7 20. f6 Bh8 21. Qh6 1-0


[Site "https://www.chess.com"]

[Event "Titled Tuesday Blitz June 15 2021"]
[White "Davtyan, David Arm."]
[Black "Nestorovic, Nikola"]
[WhiteFideId "13310046"]
[BlackFideId "934526"]
[WhiteElo "2028"]
[BlackElo "2411"]
[Result "0-1"]
[Round "04"]
[TimeControl "180+1"]
[Date "2021.06.15"]
[WhiteClock "0:00:07"]
[BlackClock "0:00:48"]

1. e4 c5 2. Nc3 a6 3. g3 b5 4. Bg2 Bb7 5. d3 e6 6. f4 d5 7. e5 h5 8. Nf3 Ne7 9. O-O Nf5 10. a4 b4 11. Ne2 Nc6 12. Bd2 Be7 13. Qc1 Qb6 14. Be1 a5 15. Bf2 Qc7 16. Qd2 g5 17. Nxg5 Bxg5 18. fxg5 Nxe5 19. Nf4 O-O-O 20. c3 d4 21. Qe2 Bxg2 22. Kxg2 Qc6+ 23. Kh3 Nf3 24. Kg2 Nd2+ 25. Kg1 Nf3+ 26. Kg2 Nxg5+ 27. Kg1 e5 28. Ng2 h4 29. Bxd4 Nh3+ 30. Kh1 Nxg3+ 31. hxg3 hxg3 32. Qg4+ Rd7 33. Qxg3 Nf4+ 34. Kg1 Ne2+ 0-1


[Site "https://www.chess.com"]

[Event "Titled Tuesday Blitz June 15 2021"]
[White "Demchenko, Anton"]
[Black "Mhango, Banele"]
[WhiteFideId "4160258"]
[BlackFideId "14327040"]
[WhiteElo "2846"]
[BlackElo "2563"]
[Result "1-0"]
[Round "04"]
[TimeControl "180+1"]
[Date "2021.06.15"]
[WhiteClock "0:01:40"]
[BlackClock "0:00:50"]

1. e4 c5 2. Nf3 d6 3. d4 cxd4 4. Qxd4 Nc6 5. Qe3 Nf6 6. h3 g6 7. Nc3 Bg7 8. Bc4 O-O 9. O-O Na5 10. Bd3 Nc6 11. a3 a6 12. Rd1 Qc7 13. Qf4 Ne5 14. Nxe5 dxe5 15. Qf3 h6 16. Be3 b5 17. a4 b4 18. Nd5 Nxd5 19. exd5 Bb7 20. Qg3 a5 21. Qh4 Kh7 22. b3 Rad8 23. Bc4 f5 24. Bg5 Rd7 25. Bxe7 1-0


[Site "https://www.chess.com"]

[Event "Titled Tuesday Blitz June 15 2021"]
[White "Denishev, Marat"]
[Black "Weetik, Vjacheslav"]
[WhiteFideId "24131563"]
[BlackFideId "4153472"]
[WhiteElo "2132"]
[BlackElo "2469"]
[Result "0-1"]
[Round "04"]
[TimeControl "180+1"]
[Date "2021.06.15"]
[WhiteClock "0:00:01"]
[BlackClock "0:00:07"]

1. e4 d5 2. exd5 Qxd5 3. Nc3 Qd6 4. g3 Nf6 5. Bg2 Bg4 6. Nge2 Nc6 7. O-O O-O-O 8. d3 a6 9. Qe1 e5 10. Bg5 Be7 11. a3 Rhe8 12. b4 Nd4 13. Bxf6 Bxf6 14. Nxd4 exd4 15. Ne4 Qb6 16. Qd2 Be7 17. Rab1 h6 18. Nc5 c6 19. Qf4 f5 20. Qc1 Bxc5 21. bxc5 Qxc5 22. Qb2 Re7 23. Qa2 f4 24. gxf4 Rf8 25. Rbe1 Rxf4 26. Qg8+ Kc7 27. Be4 Bh3 28. f3 Qg5+ 29. Kf2 Qg2# 0-1


[Site "https://www.chess.com"]

[Event "Titled Tuesday Blitz June 15 2021"]
[White "Dobrov, Vladimir"]
[Black "Tejedor Fuente, Enrique"]
[WhiteFideId "4136594"]
[BlackFideId "2299100"]
[WhiteElo "2828"]
[BlackElo "2644"]
[Result "0-1"]
[Round "04"]
[TimeControl "180+1"]
[Date "2021.06.15"]
[WhiteClock "0:00:06"]
[BlackClock "0:00:02"]

1. d4 d5 2. c4 e6 3. Nf3 Nf6 4. g3 dxc4 5. Bg2 b5 6. Ne5 Nd5 7. a4 c6 8. O-O Bb7 9. e4 Nf6 10. b3 cxb3 11. Qxb3 a6 12. Bb2 Be7 13. Nd2 O-O 14. Rac1 c5 15. axb5 axb5 16. dxc5 Qxd2 17. c6 Bc8 18. c7 Nbd7 19. Nc6 Re8 20. Rfd1 Qg5 21. Nxe7+ Rxe7 22. f4 Qh5 23. Bxf6 gxf6 24. e5 Ra7 25. exf6 Nxf6 26. Rd8+ Re8 27. Qc3 Qf5 28. Qxf6 Qxf6 29. Rxe8+ Kg7 30. Rxc8 Qd4+ 31. Kh1 Ra1 32. Rg8+ Kxg8 33. c8=Q+ Kg7 34. Bf3 Ra3 35. Bg2 b4 36. Qc2 Rc3 37. Qb1 Rxc1+ 38. Qxc1 b3 39. Qb1 Qc3 40. Be4 f5 41. Kg2 fxe4 42. Kh3 b2 43. Qa1 bxa1=Q 0-1


[Site "https://www.chess.com"]

[Event "Titled Tuesday Blitz June 15 2021"]
[White "Erdogdu, Mert"]
[Black "Tomb, Maroun"]
[WhiteFideId "6301495"]
[BlackFideId "5300398"]
[WhiteElo "2485"]
[BlackElo "2540"]
[Result "1/2-1/2"]
[Round "04"]
[TimeControl "180+1"]
[Date "2021.06.15"]
[WhiteClock "0:00:07"]
[BlackClock "0:00:12"]

1. e4 d6 2. d4 Nf6 3. Nc3 e5 4. Nf3 Nbd7 5. Bc4 Be7 6. a4 c6 7. O-O h6 8. Re1 Qc7 9. b3 Nf8 10. Ba3 Ng6 11. d5 O-O 12. Nd2 a6 13. Nf1 Rb8 14. a5 c5 15. Bc1 Nh7 16. Ne3 Bg5 17. Bf1 Bxe3 18. Bxe3 f5 19. exf5 Bxf5 20. Bd3 Qd7 21. f3 Nh4 22. Bf2 Qd8 23. Ra4 Ng6 24. Bxf5 Rxf5 25. Qd3 Qd7 26. Bg3 Rbf8 27. b4 cxb4 28. Rxb4 Qc7 29. Rb6 Nh8 30. Ne4 Ng6 31. Rxd6 Nf4 32. Bxf4 Rxf4 33. Re6 Qxa5 34. Rb1 b5 35. d6 Qa2 36. Qb3 Qxb3 37. cxb3 Rd8 38. Rd1 Nf8 39. Re7 Rf7 40. Rd2 a5 41. Kf2 Rd7 42. Rxf7 Kxf7 43. Nc5 Rd8 44. Rd5 Nd7 45. Nxd7 Rxd7 46. Rxe5 a4 47. Rxb5 axb3 48. Rxb3 Rxd6 49. Re3 Kg8 50. g4 Kh7 51. h4 Ra6 52. Kg3 Rb6 53. h5 Ra6 54. Kf4 Rb6 55. Kf5 Ra6 56. Re6 Ra5+ 57. Re5 Ra6 58. f4 Rf6+ 59. Ke4 Ra6 60. g5 hxg5 61. fxg5 Ra8 62. Kf5 Rf8+ 63. Kg4 Ra8 64. Re7 Ra4+ 65. Kf5 Ra5+ 66. Re5 Ra1 67. Ke6 Ra6+ 68. Kf7 Ra7+ 69. Re7 Ra5 70. g6+ Kh6 71. Kg8 Ra8+ 72. Kf7 Ra5 73. Re8 Ra7+ 74. Ke6 Kxh5 75. Rh8+ Kxg6 76. Ke5 Ra4 77. Rh1 Kg5 78. Rg1+ Rg4 79. Rf1 g6 80. Rf7 Rg1 81. Ke4 Kg4 82. Ke3 Kg3 83. Rg7 Kh2 84. Kf2 Rg2+ 85. Kf3 Rg5 86. Kf4 Rg1 87. Kf3 Rg3+ 88. Kf4 Rg2 89. Kf3 g5 90. Rh7+ Kg1 91. Rg7 Kh2 92. Rh7+ Kg1 93. Rg7 Rf2+ 94. Kg4 Rg2+ 95. Kh5 g4 96. Rxg4 Rxg4 97. Kxg4 1/2-1/2


[Site "https://www.chess.com"]

[Event "Titled Tuesday Blitz June 15 2021"]
[White "Fier, Alexandr"]
[Black "Senthil Maran K"]
[WhiteFideId "2107139"]
[BlackFideId "25035681"]
[WhiteElo "2751"]
[BlackElo "2548"]
[Result "1-0"]
[Round "04"]
[TimeControl "180+1"]
[Date "2021.06.15"]
[WhiteClock "0:01:25"]
[BlackClock "0:00:01"]

1. e4 c6 2. d4 d5 3. e5 Bf5 4. Nc3 a6 5. g4 Bd7 6. h4 e6 7. h5 c5 8. Nf3 Nc6 9. dxc5 Bxc5 10. Bg2 Qc7 11. Bf4 d4 12. Ne4 Bb4+ 13. c3 dxc3 14. bxc3 Be7 15. O-O Nh6 16. Nd6+ Bxd6 17. exd6 Qa5 18. Rb1 Rb8 19. Nd4 O-O 20. Nxc6 bxc6 21. Bxh6 gxh6 22. Qd4 Qxa2 23. Be4 Rb5 24. Qf6 Qa4 25. f3 Rfb8 26. Qxh6 Qc4 27. Bxh7+ Kh8 28. Bg6+ 1-0


[Site "https://www.chess.com"]

[Event "Titled Tuesday Blitz June 15 2021"]
[White "Flores Quillas, Diego Saul Rodri"]
[Black "Kukhmazov, Arsen"]
[WhiteFideId "3822508"]
[BlackFideId "24108260"]
[WhiteElo "2556"]
[BlackElo "2797"]
[Result "0-1"]
[Round "04"]
[TimeControl "180+1"]
[Date "2021.06.15"]
[WhiteClock "0:00:03"]
[BlackClock "0:00:14"]

1. e4 c5 2. Nf3 Nc6 3. d4 cxd4 4. Nxd4 e5 5. Nb5 d6 6. N1c3 a6 7. Na3 b5 8. Nd5 Nge7 9. c4 Nd4 10. Be3 Nxd5 11. exd5 Be7 12. Bd3 O-O 13. O-O Nf5 14. Bd2 Nh4 15. cxb5 f5 16. f4 exf4 17. Bxf4 Bf6 18. Qb3 g5 19. Bd2 f4 20. Kh1 Qd7 21. Rae1 Qg4 22. Be4 Bf5 23. h3 Qh5 24. Qd3 f3 25. Bxf3 Bxd3 26. Bxh5 Bxf1 27. Rxf1 Bxb2 28. Rxf8+ Rxf8 29. Nc4 Rf1+ 30. Kh2 Rf2 31. Bxg5 Rxg2+ 32. Kh1 Rxg5 33. Nxb2 Rxh5 34. bxa6 Rxd5 35. Nc4 Rd1+ 36. Kh2 Rc1 37. a7 Rc2+ 38. Kg3 Nf5+ 39. Kf4 Rxc4+ 40. Kxf5 Ra4 0-1


[Site "https://www.chess.com"]

[Event "Titled Tuesday Blitz June 15 2021"]
[White "Florescu, Codrut-Constantin"]
[Black "Molina, Roberto Junio Brito"]
[WhiteFideId "1202200"]
[BlackFideId "2109450"]
[WhiteElo "2243"]
[BlackElo "2402"]
[Result "1-0"]
[Round "04"]
[TimeControl "180+1"]
[Date "2021.06.15"]
[WhiteClock "0:00:47"]
[BlackClock "0:00:18"]

1. d4 d5 2. Bf4 Nf6 3. e3 c5 4. Nd2 cxd4 5. exd4 Nc6 6. c3 g6 7. h3 Bg7 8. Ngf3 O-O 9. Be2 Bf5 10. O-O Ne4 11. Re1 Nxd2 12. Qxd2 Rc8 13. g4 Bd7 14. Bd3 Re8 15. Kh2 f6 16. c4 e6 17. Bg3 Qa5 18. Qxa5 Nxa5 19. c5 a6 20. Re2 Bb5 21. Bxb5 axb5 22. b3 Nc6 23. Rd1 Rcd8 24. Bd6 Bf8 25. Bxf8 Kxf8 26. g5 Kf7 27. h4 e5 28. gxf6 e4 29. Ng5+ Kxf6 30. Nxh7+ Kf5 31. Kg3 Rh8 32. Ng5 Rh5 33. f3 exf3 34. Re3 Rxh4 35. Kxh4 Rh8+ 36. Kg3 Kxg5 37. Rxf3 Re8 38. Kf2 Re4 39. Rg1+ Kh6 40. Rf6 Nxd4 41. Rfxg6+ Kh5 42. Rg8 Re2+ 43. Kf1 1-0


[Site "https://www.chess.com"]

[Event "Titled Tuesday Blitz June 15 2021"]
[White "Gormally, Daniel W"]
[Black "Zubov, Alexander"]
[WhiteFideId "406465"]
[BlackFideId "14109409"]
[WhiteElo "2543"]
[BlackElo "2740"]
[Result "1/2-1/2"]
[Round "04"]
[TimeControl "180+1"]
[Date "2021.06.15"]
[WhiteClock "0:00:13"]
[BlackClock "0:00:07"]

1. d4 d5 2. c4 c6 3. Nf3 Nf6 4. Nc3 dxc4 5. a4 Bf5 6. Nh4 Bg4 7. h3 Bc8 8. e3 Nbd7 9. Bxc4 e6 10. O-O Bb4 11. Nf3 O-O 12. Qe2 c5 13. Rd1 cxd4 14. Nxd4 Qe7 15. e4 Ne5 16. Bb3 Bc5 17. Be3 Ng6 18. Rac1 b6 19. Nf3 Bxe3 20. Qxe3 Bb7 21. Nd4 Rfc8 22. e5 Nd7 23. f4 Qb4 24. Na2 Qe7 25. f5 Rxc1 26. Rxc1 exf5 27. e6 Nde5 28. exf7+ Kh8 29. Nxf5 Qf6 30. Rf1 Rf8 31. Nd4 Qd6 32. Nc3 Qc5 33. Nf5 Nxf7 34. Qxc5 bxc5 35. Nb5 Nfe5 36. Nfd6 Rxf1+ 37. Kxf1 Ba6 38. Kf2 Bxb5 39. axb5 Ne7 40. Ke3 g6 41. Ke4 Nd7 42. Be6 Nb6 43. Nc4 Na4 44. Ke5 Kg7 45. Kd6 Nf5+ 46. Bxf5 gxf5 47. Ke5 Kg6 48. b3 Nc3 49. Kd6 Nxb5+ 50. Kxc5 Nc3 51. Kc6 f4 52. Kb7 Kf5 53. Kxa7 Ke4 54. b4 Kd3 55. Ne5+ Ke3 56. Kb6 Kf2 57. Nd3+ Kxg2 58. Nxf4+ Kg3 59. Ne6 Nd5+ 60. Kc5 Nxb4 61. Kxb4 Kxh3 62. Ng5+ Kg4 63. Nxh7 1/2-1/2


[Site "https://www.chess.com"]

[Event "Titled Tuesday Blitz June 15 2021"]
[White "Gracia Alvarez, Gerardo Antonio"]
[Black "Jia, Haoxiang"]
[WhiteFideId "5109124"]
[BlackFideId "8602999"]
[WhiteElo "2148"]
[BlackElo "2630"]
[Result "0-1"]
[Round "04"]
[TimeControl "180+1"]
[Date "2021.06.15"]
[WhiteClock "0:00:04"]
[BlackClock "0:00:15"]

1. e4 e5 2. Nf3 Nc6 3. Bc4 Nf6 4. d3 Bc5 5. O-O O-O 6. h3 h6 7. Re1 d6 8. c3 a6 9. Bb3 Ba7 10. Nbd2 Ne7 11. Nf1 Ng6 12. Ng3 Be6 13. Bc2 Qc8 14. d4 b5 15. Be3 Re8 16. Qd2 Kh7 17. a4 c6 18. Rad1 Qb7 19. Nf5 Bxf5 20. exf5 Nf8 21. dxe5 dxe5 22. Bxa7 Qxa7 23. Nxe5 Qc7 24. Ng4 N8d7 25. Re3 Nxg4 26. hxg4 Nf6 27. g5 Rad8 28. g6+ fxg6 29. fxg6+ Kh8 30. Rxe8+ Rxe8 31. Re1 Rxe1+ 32. Qxe1 Qf4 33. axb5 cxb5 34. Bb3 Qd6 35. Qe2 Qc6 36. Qe5 Qe8 37. Qxe8+ Nxe8 38. f3 Nd6 39. Kf2 a5 40. Ke3 a4 41. Bd5 Nf5+ 42. Kf4 Nh4 43. Be4 Nxg2+ 44. Ke5 Ne3 45. Kd4 Nd1 46. Kc5 Nxb2 47. Kxb5 a3 48. Bd5 Nd1 49. Kb4 Ne3 50. Bf7 h5 51. Kxa3 h4 52. Be6 Ng2 53. c4 Nf4 54. Bg4 Nxg6 55. c5 Ne5 56. Bh3 Kg8 57. Kb3 Kf7 58. Kc3 Kf6 59. Kd4 Nxf3+ 60. Kd5 Ne5 61. c6 Nxc6 62. Kxc6 Ke5 63. Kc5 g5 64. Kc4 Ke4 65. Bg2+ Ke3 66. Kd5 g4 67. Ke5 h3 68. Bh1 g3 69. Kf5 g2 70. Bxg2 hxg2 0-1


[Site "https://www.chess.com"]